[ PARTIDA AOE2 · #494687904 ]
UnrankedPersas vs Japanese
Equipo del jugador · VICT
Equipo rival · DERR
[ ANÁLISIS DE REPETICIÓN · EXTRAÍDO DE LA PARTIDA GRABADA ]
Feudal
—
Castillos
—
Imperial
—
| APM promedio | 37.4 |
| APM pico | 67 |
| eAPM promedio | 20.6 |
| Aldeanos / militares | 35 / 0 |
Foco
⚔️ 30.4% · 🌾 69.6%
Fishing Ship ×12
Feudal
10:41
Castillos
—
Imperial
—
| APM promedio | 52.3 |
| APM pico | 73 |
| eAPM promedio | 24.6 |
| Aldeanos / militares | 29 / 0 |
Foco
⚔️ 48.3% · 🌾 51.7%
Fishing Ship ×8
Mapa de la partida
Recursos iniciales + cada clic de construcción. Líneas = muros · curvas = relieve. ◆ oro · ⬟ piedra · ● bayas · ✦ reliquia · ◌ hueco del cierre
Tu base· Abierta — flanco sin cerrar
Base de 啊这· Abierta — flanco sin cerrar
Terreno inicial suavizado · ◌ = hueco del cierre detectado · pasá el cursor para detalles
Inputs por minuto
— Hexi - - 啊这
Build order — Hexi
63 acciones detectadas en el replay
| 0:01 | Crear | Villager (Male) |
| 0:01 | Crear | Villager (Male) |
| 0:02 | Crear | Villager (Male) |
| 0:03 | Construir | House |
| 0:04 | Construir | House |
| 0:05 | Crear | Villager (Male) |
| 0:10 | Crear | Villager (Male) |
| 1:14 | Crear | Villager (Male) |
| 1:24 | Construir | Lumber Camp |
| 2:24 | Crear | Villager (Male) |
| 2:26 | Crear | Villager (Male) |
| 2:59 | Construir | House |
| 3:04 | Crear | Villager (Male) |
| 3:28 | Construir | Dock |
| 3:32 | Crear | Villager (Male) |
| 3:43 | Crear | Villager (Male) |
| 4:04 | Crear | Villager (Male) |
| 4:12 | Crear | Fishing Ship |
| 4:16 | Construir | Palisade Wall |
| 4:17 | Construir | Palisade Wall |
| 4:47 | Crear | Villager (Male) |
| 4:48 | Crear | Fishing Ship |
| 5:00 | Crear | Villager (Male) |
| 5:05 | Construir | House |
| 5:23 | Crear | Villager (Male) |
| 5:23 | Crear | Fishing Ship |
| 5:39 | Crear | Villager (Male) |
| 5:50 | Crear | Fishing Ship |
| 6:11 | Crear | Villager (Male) |
| 6:12 | Crear | Fishing Ship |
| 6:17 | Construir | House |
| 6:30 | Crear | Villager (Male) |
| 6:30 | Crear | Villager (Male) |
| 6:47 | Crear | Villager (Male) |
| 6:57 | Crear | Villager (Male) |
| 6:58 | Crear | Fishing Ship |
| 7:14 | Investigar | Loom |
| 7:18 | Crear | Villager (Male) |
| 7:36 | Crear | Villager (Male) |
| 7:40 | Crear | Villager (Male) |
| 7:42 | Construir | House |
| 8:24 | Crear | Villager (Male) |
| 9:13 | Construir | Town Center |
| 9:26 | Crear | Fishing Ship |
| 9:31 | Construir | House |
| 9:32 | Construir | House |
| 9:50 | Crear | Villager (Male) |
| 9:51 | Crear | Villager (Male) |
| 9:51 | Crear | Villager (Male) |
| 10:04 | Crear | Villager (Male) |
| 10:13 | Crear | Fishing Ship |
| 10:25 | Crear | Villager (Male) |
| 10:32 | Construir | Palisade Wall |
| 10:34 | Construir | Palisade Wall |
| 10:37 | Crear | Villager (Male) |
| 10:46 | Crear | Fishing Ship |
| 10:56 | Crear | Villager (Male) |
| 11:12 | Crear | Fishing Ship |
| 11:38 | Crear | Villager (Male) |
| 11:44 | Crear | Fishing Ship |
| 11:58 | Crear | Villager (Male) |
| 12:04 | Crear | Fishing Ship |
| 12:16 | Crear | Villager (Male) |
Build order — 啊这
61 acciones detectadas en el replay
| 0:00 | Investigar | Loom |
| 0:01 | Investigar | Loom |
| 0:02 | Construir | House |
| 0:05 | Crear | Villager (Male) |
| 0:05 | Crear | Villager (Male) |
| 0:05 | Crear | Villager (Male) |
| 0:06 | Construir | House |
| 0:13 | Crear | Villager (Male) |
| 1:01 | Construir | Lumber Camp |
| 1:19 | Crear | Villager (Male) |
| 2:09 | Crear | Villager (Male) |
| 2:37 | Crear | Villager (Male) |
| 2:48 | Construir | Dock |
| 3:06 | Crear | Villager (Male) |
| 3:36 | Crear | Fishing Ship |
| 3:40 | Construir | House |
| 3:45 | Crear | Villager (Male) |
| 4:17 | Crear | Villager (Male) |
| 4:28 | Crear | Fishing Ship |
| 4:33 | Crear | Villager (Male) |
| 4:54 | Crear | Villager (Male) |
| 5:07 | Construir | House |
| 5:23 | Crear | Fishing Ship |
| 5:23 | Crear | Fishing Ship |
| 5:36 | Crear | Villager (Male) |
| 5:38 | Crear | Fishing Ship |
| 5:40 | Crear | Villager (Male) |
| 5:57 | Crear | Villager (Male) |
| 5:57 | Crear | Villager (Male) |
| 6:19 | Crear | Villager (Male) |
| 6:29 | Crear | Villager (Male) |
| 6:29 | Crear | Villager (Male) |
| 6:34 | Crear | Fishing Ship |
| 6:38 | Construir | House |
| 6:42 | Crear | Villager (Male) |
| 6:46 | Crear | Villager (Male) |
| 6:55 | Crear | Villager (Male) |
| 7:00 | Construir | Mill |
| 7:05 | Crear | Villager (Male) |
| 7:39 | Construir | Lumber Camp |
| 7:41 | Crear | Villager (Male) |
| 7:54 | Crear | Fishing Ship |
| 7:57 | Crear | Villager (Male) |
| 8:15 | Investigar | Feudal Age |
| 8:28 | Crear | Villager (Male) |
| 8:35 | Crear | Villager (Male) |
| 8:53 | Construir | Mining Camp |
| 8:55 | Crear | Fishing Ship |
| 8:58 | Construir | Mining Camp |
| 9:00 | Construir | House |
| 9:10 | Construir | Palisade Wall |
| 9:40 | Construir | Mining Camp |
| 9:47 | Construir | Palisade Wall |
| 10:04 | Crear | Villager (Male) |
| 10:19 | Crear | Villager (Male) |
| 10:37 | Construir | House |
| 10:41 | Edad | Edad Feudal |
| 10:42 | Construir | House |
| 10:45 | Construir | Blacksmith |
| 11:33 | Investigar | Loom |
| 12:06 | Construir | Palisade Wall |
Cronología de la partida
| 2:48 | 啊这 · first_building Dock |
| 3:28 | Hexi · first_building Dock |
| 4:16 | Hexi · wall_segment Palisade Wall x1 |
| 4:17 | Hexi · wall_segment Palisade Wall x1 |
| 9:10 | 啊这 · wall_segment Palisade Wall x1 |
| 9:47 | 啊这 · wall_segment Palisade Wall x1 |
| 10:32 | Hexi · wall_segment Palisade Wall x1 |
| 10:34 | Hexi · wall_segment Palisade Wall x9 |
| 10:41 | 啊这 · age_up feudal |
| 12:06 | 啊这 · wall_segment Palisade Wall x1 |
| 12:18 | 啊这 · resign |
[ ANÁLISIS IA · 1 CRÉDITO ]
¿Qué pasó realmente en esta partida?
Wolo.gg analiza cada decisión: build order, eco, micro, errores típicos por bracket. Análisis personalizado por WhatsApp o Discord en 30 segundos.
Guía civ
Persas
Perfil
Hexi